[Event "6th Uppsala Young Champions 2019"]
[Site "Uppsala"]
[Date "2019.10.26"]
[Round "2.14"]
[White "Thorhallsson, Simon"]
[Black "Grahn, Vidar"]
[Result "1-0"]
[ECO "D00"]
[WhiteElo "2190"]
[BlackElo "1926"]
[Annotator "NA"]
[PlyCount "59"]
[EventDate "2019.10.25"]
[EventType "swiss"]
[EventCountry "SWE"]
[SourceTitle "playchess.com"]
[Source "ChessBase"]
[SourceQuality "1"]
[TimeControl "5400+30"]

1. d4 d5 2. Bf4 Nf6 3. Nc3 c6 4. e3 Bf5 (4... Nbd7 5. Bd3 g6 6. h3 Bg7 7. Nf3 O-O 8. O-O b6 9. e4 dxe4 10. Nxe4 Bb7 11. Re1 Nxe4 12. Bxe4 Nf6 13. Bd3 c5 14. dxc5 bxc5 15. Ne5 Qb6 {1-0 (48) Firouzja,A (2682)-Vidit,S (2707) Xingtai 2019}) 5. Bd3 Bxd3 6. Qxd3 {[%emt 0:00:30] D00: 1 d4 d5: Unusual lines} e6 7. Nf3 Bb4 8. O-O O-O 9. Ne2 Ne4 $146 ({Predecessor:} 9... Nbd7 10. Qb3 Qb6 11. c3 Ba5 12. Qxb6 Bxb6 {0-1 (20) Smith,E-Lacunza,M IECG email 2002}) 10. c4 f5 {[%emt 0:00:30] [#]} (10... g5 $11 {remains equal.}) 11. Qb3 $1 Qe7 12. c5 Ba5 {[%emt 0:00:30] [#]} 13. Bd6 (13. Ng3 $142 $1 Qd7 14. Bd6 Nxd6 15. Ne5 (15. cxd6 Qxd6 16. Qxb7 Nd7 $14)) 13... Nxd6 14. cxd6 Qxd6 15. Qxb7 Nd7 16. Nf4 Rfb8 17. Qa6 Bc7 18. Rac1 Rb6 19. Qa4 Rab8 {[%emt 0:00:30] [#]} (19... Rxb2 $11 20. Rxc6 Nb6 21. Rxd6 Nxa4) 20. Nd3 $1 ({Of course not} 20. Qxa7 $6 Rxb2 21. g3 R2b7 $14) 20... Rb5 21. Qc2 R5b6 22. b4 g5 {[%emt 0:00:30] [#]} 23. a4 $1 g4 (23... Rc8 $16) 24. Nfe5 $1 Nxe5 25. dxe5 Qe7 {[%emt 0:00:30] [#]} 26. a5 $1 Rb5 27. Qxc6 Bd8 28. Qa6 Qf7 29. Rc8 Kg7 $18 (29... Qd7 $142) 30. Rxd8 1-0

[Event "6th Uppsala Young Champions 2019"]
[Site "Uppsala"]
[Date "2019.10.26"]
[Round "2.15"]
[White "Rasti, Arvin"]
[Black "Dingertz, Erik"]
[Result "1-0"]
[ECO "E66"]
[WhiteElo "2179"]
[BlackElo "1908"]
[Annotator "NA"]
[PlyCount "69"]
[EventDate "2019.10.25"]
[EventType "swiss"]
[EventCountry "SWE"]
[SourceTitle "playchess.com"]
[Source "ChessBase"]
[SourceQuality "1"]
[TimeControl "5400+30"]

1. Nf3 Nf6 2. g3 g6 3. Bg2 Bg7 4. O-O O-O 5. c4 c5 6. Nc3 Nc6 7. d4 d6 8. d5 Nb8 (8... Na5 $1 $11 {keeps the balance.}) 9. Qc2 {[%emt 0:00:30] E66: King's Indian: Fianchetto: 6...c5 7 0-0 Nc6 8 d5} Nbd7 10. e4 (10. Bf4 a6 11. e4 b5 12. cxb5 axb5 13. Nxb5 Ba6 14. a4 Rb8 15. Nd2 Bxb5 16. axb5 Qb6 {1-0 (27) Berdnyk,M (2247)-Kopriva,M (2031) Pardubice 2019}) 10... e6 $146 ({Predecessor:} 10... Ng4 11. Qe2 Nde5 12. Nxe5 Nxe5 13. Bf4 a6 14. Bxe5 Bxe5 15. f4 Bg7 16. e5 Qc7 {½-½ (30) Aydin,A (1271)-Kaya,E (1276) Konya 2019}) 11. dxe6 fxe6 12. Rd1 Nb6 (12... Qe7 $16 {is a better defense.}) 13. Nb5 ({Better is} 13. e5 $18) 13... d5 14. cxd5 exd5 15. exd5 Nfxd5 16. Qxc5 (16. Ng5 $16) 16... Bg4 17. Qa3 (17. Bf4 $5) 17... a6 18. Nbd4 Nc4 19. Qb3 b5 (19... Na5 $16 {was necessary.} 20. Qc2 Rc8) 20. h3 Bd7 (20... Na5 {keeps fighting.} 21. Qa3 Bxf3 22. Nxf3 (22. Bxf3 b4 $18) 22... b4) 21. Bg5 (21. Ng5 $142 Ndb6 22. Bxa8 Bxd4 23. Rxd4 Qxa8 24. Qd1) 21... Qb6 {[%emt 0:00:30] [#]} 22. Rac1 $2 (22. Ne5 $1 $18 Bxe5 (22... Nxe5 23. Bxd5+) 23. Bxd5+ Kh8 24. Nf3) 22... h6 $2 (22... Kh8 $16) 23. Bd2 Rac8 24. Bc3 Nxc3 25. bxc3 Kh8 26. Qc2 Rce8 27. Re1 Bc8 $2 ({Black should try} 27... g5 $14) 28. Nh4 Rxe1+ 29. Rxe1 Bxd4 30. cxd4 Bf5 31. Be4 Bxe4 32. Qxe4 (32. Rxe4 $18 {and the rest is easy.} Rf6 33. Re8+ Kg7 34. Qe4 (34. Re7+ Rf7 $18)) 32... Kg7 33. Re2 Qf6 34. Ng2 Rd8 $18 (34... Qf3 $16 {is more resistant.}) 35. Nf4 1-0

[Event "6th Uppsala Young Champions 2019"]
[Site "Uppsala"]
[Date "2019.10.26"]
[Round "2.16"]
[White "Carlsson, Ludvig"]
[Black "Skahlberg Bjerknes-Lima de Far, Warg"]
[Result "1-0"]
[ECO "A38"]
[WhiteElo "2066"]
[BlackElo "1637"]
[Annotator "NA"]
[PlyCount "86"]
[EventDate "2019.10.25"]
[EventType "swiss"]
[EventCountry "SWE"]
[SourceTitle "playchess.com"]
[Source "ChessBase"]
[SourceQuality "1"]
[TimeControl "5400+30"]

1. Nf3 Nf6 2. c4 c5 3. g3 Nc6 4. Bg2 g6 5. b3 Bg7 6. Bb2 O-O 7. O-O d6 8. Nc3 Bf5 9. d4 {[%emt 0:00:30] A38: Symmetrical English vs ...g6: 4 Bg2 Bg7 5 Nf3 Nf6} cxd4 (9... Ne4 10. e3 Qa5 11. Qc1 Nf6 12. Rd1 Nb4 13. Ne1 cxd4 14. Rxd4 Nc6 15. Rd2 Rfc8 16. Nd5 Nxd5 17. Rxd5 Bxb2 18. Qxb2 {0-1 (71) Meier,G (2647)-Kovalenko,I (2635) Tallinn 2018}) 10. Nxd4 Bd7 11. e3 Qc8 12. Rc1 $146 ({Predecessor:} 12. Re1 Bh3 13. Bh1 Qd7 14. Nce2 e5 15. Nb5 Rfd8 16. e4 Ng4 {½-½ (52) Gamback,B (2142)-Bit Narva,D (1877) Stockholm 2014}) 12... Bh3 13. Nd5 Bxg2 $1 14. Kxg2 Qd7 15. Nxc6 Nxd5 16. cxd5 (16. Nd4 $5 Nc7 17. Qd2 $11) 16... Bxb2 17. Rc2 Bg7 18. Na5 Rac8 19. Nc4 Rc5 20. Qd3 Rfc8 21. Rfc1 Qc7 22. b4 Bb2 23. bxc5 Bxc1 24. Rxc1 Qxc5 25. Rc2 Qb5 26. Ne5 Qe8 27. Rxc8 Qxc8 28. Qc4 Qf5 29. Nf3 a6 30. a4 g5 31. g4 Qd7 32. Nxg5 h6 33. Nf3 b5 34. axb5 axb5 35. Qf4 Qb7 36. Qxh6 Qxd5 37. Qg5+ Qxg5 38. Nxg5 b4 39. Ne4 b3 40. Nd2 b2 41. f4 e6 42. Kf3 Kg7 43. Ke2 Kf6 $18 1-0

[Event "6th Uppsala Young Champions 2019"]
[Site "Uppsala"]
[Date "2019.10.26"]
[Round "3.2"]
[White "Abdrlauf, Elham"]
[Black "Papunidi, Matvey"]
[Result "1-0"]
[ECO "B35"]
[WhiteElo "2213"]
[BlackElo "2083"]
[Annotator "NA"]
[PlyCount "89"]
[EventDate "2019.10.25"]
[EventType "swiss"]
[EventCountry "SWE"]
[SourceTitle "playchess.com"]
[Source "ChessBase"]
[SourceQuality "1"]
[TimeControl "5400+30"]

1. e4 c5 2. Nf3 Nc6 3. d4 cxd4 4. Nxd4 g6 5. Nc3 Bg7 6. Be3 Nf6 7. Bc4 O-O 8. Bb3 Re8 9. O-O d6 10. Nxc6 bxc6 11. f4 Ng4 12. Bd4 Bxd4+ 13. Qxd4 Qb6 14. Qxb6 axb6 15. h3 Nf6 16. e5 Nd7 17. e6 fxe6 18. Bxe6+ Kg7 19. Rfe1 Nc5 20. Bxc8 Raxc8 21. b4 Na6 22. a3 b5 23. Re2 Nc7 24. a4 bxa4 25. Rxa4 Ra8 26. Rxa8 Nxa8 27. Ne4 Nc7 28. c4 d5 29. Nc5 dxc4 30. Rc2 e5 31. fxe5 Rxe5 32. Rxc4 Nd5 33. Na6 Re6 34. Kf2 Kf7 35. g3 Kg7 36. h4 h5 37. Nc5 Re7 38. Nd3 Re6 39. Rd4 Nf6 40. Nf4 Re5 41. Kf3 Ng4 42. Rd7+ Kh6 43. Rd6 Re3+ 44. Kg2 Ne5 45. Re6 1-0

[Event "6th Uppsala Young Champions 2019"]
[Site "Uppsala"]
[Date "2019.10.26"]
[Round "3.3"]
[White "Falkevall, Axel"]
[Black "Nilsson, Joakim"]
[Result "0-1"]
[ECO "B22"]
[WhiteElo "2036"]
[BlackElo "2305"]
[Annotator "NA"]
[PlyCount "96"]
[EventDate "2019.10.25"]
[EventType "swiss"]
[EventCountry "SWE"]
[SourceTitle "playchess.com"]
[Source "ChessBase"]
[SourceQuality "1"]
[TimeControl "5400+30"]

1. e4 c5 2. c3 d5 3. exd5 Qxd5 4. d4 Nc6 5. Nf3 Bg4 6. Be2 cxd4 7. cxd4 e6 8. Nc3 Bb4 9. O-O Qa5 10. Be3 Bxc3 11. bxc3 Nge7 12. Qb3 Qc7 13. Rab1 b6 14. Rfd1 O-O 15. h3 Bxf3 16. Bxf3 Rac8 17. Rbc1 Na5 18. Qc2 Nc4 19. Qe2 Nd5 20. Bxd5 exd5 21. Qf3 Qd7 22. Re1 Rfe8 23. Bf4 Re6 24. Qd3 Rce8 25. Bd2 h6 26. Rxe6 Rxe6 27. Re1 Rxe1+ 28. Bxe1 Qe6 29. Kf1 a5 30. Qe2 Qd7 31. Kg1 Qb5 32. Kh2 Kf8 33. f3 Qe8 34. Qf2 Qe6 35. Kg1 Kg8 36. Kh2 f5 37. Bd2 Qd6+ 38. Kg1 Qa3 39. Be1 Qc1 40. Qe2 Ne3 41. Kf2 Nd1+ 42. Kg1 Ne3 43. Kf2 f4 44. Bd2 Qc2 45. g3 Nd1+ 46. Kf1 fxg3 47. Qe5 Qd3+ 48. Kg1 Qxf3 0-1

[Event "6th Uppsala Young Champions 2019"]
[Site "Uppsala"]
[Date "2019.10.26"]
[Round "3.4"]
[White "Apol, Luitjen Akselsson"]
[Black "Narva, David"]
[Result "1-0"]
[ECO "B54"]
[WhiteElo "2129"]
[BlackElo "1979"]
[Annotator "NA"]
[PlyCount "75"]
[EventDate "2019.10.25"]
[EventType "swiss"]
[EventCountry "SWE"]
[SourceTitle "playchess.com"]
[Source "ChessBase"]
[SourceQuality "1"]
[TimeControl "5400+30"]

1. e4 c5 2. Nf3 d6 3. d4 cxd4 4. Nxd4 Nc6 5. c4 Nf6 6. Nc3 e6 7. Be3 Be7 8. Be2 O-O 9. O-O Nxd4 10. Qxd4 b6 11. Rfd1 Bb7 12. f3 Re8 13. Qd2 d5 14. cxd5 exd5 15. Bb5 dxe4 16. Bxe8 Qxe8 17. Nxe4 Bxe4 18. fxe4 Ng4 19. Kh1 Bh4 20. h3 Nf6 21. e5 Ne4 22. Qd5 Ng3+ 23. Kh2 Ne2 24. e6 fxe6 25. Qc4 Qb8+ 26. Kh1 Ng3+ 27. Kg1 Qe5 28. Qxh4 Qxe3+ 29. Kh2 Nf5 30. Rd8+ Kf7 31. Qh5+ Ke7 32. Qe8+ Kf6 33. Rxa8 Qf4+ 34. Kg1 Qd4+ 35. Kh1 Ng3+ 36. Kh2 Qe5 37. Qb8 Nf1+ 38. Kg1 1-0

[Event "6th Uppsala Young Champions 2019"]
[Site "Uppsala"]
[Date "2019.10.26"]
[Round "3.5"]
[White "Thorhallsson, Simon"]
[Black "Pantzar, Milton"]
[Result "1/2-1/2"]
[ECO "A84"]
[WhiteElo "2190"]
[BlackElo "2376"]
[Annotator "NA"]
[PlyCount "87"]
[EventDate "2019.10.25"]
[EventType "swiss"]
[EventCountry "SWE"]
[SourceTitle "playchess.com"]
[Source "ChessBase"]
[SourceQuality "1"]
[TimeControl "5400+30"]

1. d4 d5 2. c4 e6 3. Nf3 c6 4. e3 f5 5. Bd3 Nf6 6. O-O Bd6 7. b3 Qe7 8. Bb2 O-O 9. Qc1 b6 10. Ba3 Ne4 11. Bxd6 Qxd6 12. Qa3 Qxa3 13. Nxa3 Nd7 14. cxd5 exd5 15. Rac1 Bb7 16. Nb1 a5 17. a4 g6 18. Nc3 Rfc8 19. Ne2 Kg7 20. Rc2 Kf6 21. Rfc1 g5 22. Nd2 h6 23. h3 Nd6 24. g4 fxg4 25. hxg4 c5 26. Ng3 cxd4 27. exd4 Rxc2 28. Rxc2 Rc8 29. Rxc8 Bxc8 30. Nf5 Nxf5 31. Bxf5 Ke7 32. Kg2 Ba6 33. Nb1 Nb8 34. Kf3 Nc6 35. Ke3 Kd6 36. Nc3 Nd8 37. f3 Ne6 38. Bb1 Nf4 39. Bf5 Ke7 40. Bb1 Kf6 41. Bh7 Bb7 42. Bb1 Bc6 43. Bh7 Ke6 44. Bb1 1/2-1/2

[Event "6th Uppsala Young Champions 2019"]
[Site "Uppsala"]
[Date "2019.10.26"]
[Round "3.6"]
[White "Rasti, Arvin"]
[Black "Roshka, Yevgeniy"]
[Result "0-1"]
[ECO "B06"]
[WhiteElo "2179"]
[BlackElo "2369"]
[Annotator "NA"]
[PlyCount "76"]
[EventDate "2019.10.25"]
[EventType "swiss"]
[EventCountry "SWE"]
[SourceTitle "playchess.com"]
[Source "ChessBase"]
[SourceQuality "1"]
[TimeControl "5400+30"]

1. Nf3 g6 2. e4 Bg7 3. d4 d6 4. Bc4 Nf6 5. Qe2 O-O 6. h3 e5 7. dxe5 dxe5 8. O-O Nbd7 9. Rd1 Nh5 10. c3 h6 11. Na3 c6 12. Rd6 Kh7 13. Be3 Qe7 14. Rad1 Ndf6 15. Qd3 Ne8 16. Rd8 f5 17. exf5 gxf5 18. Qe2 Nef6 19. R8d6 e4 20. Bc5 Nf4 21. Qe3 Nxg2 22. Kxg2 exf3+ 23. Qxf3 Qe5 24. Be3 Ne4 25. Bf4 Qe7 26. Qe3 Qh4 27. R6d3 a5 28. Bg3 Qh5 29. Qf4 b5 30. Bb3 a4 31. Bc2 Be6 32. f3 Nxg3 33. Kxg3 Rg8 34. Kh2 Bf6 35. Rd6 Qg6 36. R6d2 Rad8 37. Kh1 Rxd2 38. Qxd2 Qg3 0-1

[Event "6th Uppsala Young Champions 2019"]
[Site "Uppsala"]
[Date "2019.10.26"]
[Round "3.7"]
[White "Vainerchuk, Barys"]
[Black "Storme, Isak"]
[Result "0-1"]
[ECO "C13"]
[WhiteElo "2136"]
[BlackElo "2244"]
[Annotator "NA"]
[PlyCount "80"]
[EventDate "2019.10.25"]
[EventType "swiss"]
[EventCountry "SWE"]
[SourceTitle "playchess.com"]
[Source "ChessBase"]
[SourceQuality "1"]
[TimeControl "5400+30"]

1. e4 e6 2. d4 d5 3. Nc3 Nf6 4. Bg5 dxe4 5. Nxe4 Be7 6. Bxf6 gxf6 7. Nf3 f5 8. Ned2 c5 9. Nb3 cxd4 10. Qxd4 Qxd4 11. Nfxd4 a6 12. g3 b6 13. Bg2 Ra7 14. O-O h5 15. a4 Bd7 16. c4 Rc7 17. Rfc1 Bf6 18. a5 bxa5 19. Rxa5 O-O 20. c5 e5 21. Ne2 Be6 22. Nd2 Rd8 23. Nc4 Bxc4 24. Rxc4 Rd2 25. Nc3 e4 26. c6 Rxc6 27. Rxc6 Nxc6 28. Rxf5 Bd4 29. Nxe4 Rd1+ 30. Bf1 Bxb2 31. Kg2 a5 32. f4 Rc1 33. Rg5+ Kf8 34. Bb5 Nd4 35. Rxh5 Rc2+ 36. Kh3 f5 37. Nd6 Rc5 38. Bd3 a4 39. Nxf5 Nc6 40. Rh8+ Bxh8 0-1

[Event "6th Uppsala Young Champions 2019"]
[Site "Uppsala"]
[Date "2019.10.26"]
[Round "3.8"]
[White "Vitenberg, Noam Aviv"]
[Black "Nguyen, Gabriel"]
[Result "1-0"]
[ECO "E91"]
[WhiteElo "2223"]
[BlackElo "2071"]
[Annotator "NA RC"]
[PlyCount "139"]
[EventDate "2019.10.25"]
[EventType "swiss"]
[EventCountry "SWE"]
[SourceTitle "playchess.com"]
[Source "ChessBase"]
[SourceQuality "1"]
[TimeControl "5400+30"]

1. d4 Nf6 2. c4 g6 3. Nc3 Bg7 4. e4 d6 5. Nf3 O-O 6. Be2 e5 7. Be3 Bg4 8. d5 a5 9. a3 Na6 10. h3 Bd7 11. Nd2 Ne8 12. h4 f5 13. f3 f4 14. Bf2 Nf6 15. Rb1 Nh5 16. Nf1 Nc5 17. b4 axb4 18. axb4 Na4 19. Nxa4 Rxa4 20. c5 Qa8 21. b5 dxc5 22. Bxc5 b6 23. Bb4 Re8 24. Qc2 Ra1 25. Kf2 Rxb1 26. Qxb1 Qa4 27. Bc3 Bf8 28. Qa1 Bc5+ 29. Ke1 Bxb5 30. Qxa4 Bxa4 31. Bd1 Bb5 32. Be2 Ba4 33. Bd1 Bd7 34. Bb3 Kf8 35. Kd2 b5 36. Kd3 Bd6 37. Nh2 Ra8 38. Rb1 Nf6 39. Nf1 Be8 40. g3 Nd7 41. Bc2 Rb8 42. gxf4 exf4 43. Ke2 h6 44. Nd2 b4 45. Bd4 Ne5 46. Kf2 Ke7 47. Nb3 Ra8 48. Nc1 Ba4 49. Ra1 Bxc2 50. Rxa8 b3 51. Rb8 Bd1 52. Bxe5 Bxe5 53. Nxb3 Bxb3 54. Rxb3 Bf6 55. h5 gxh5 56. Kg2 Kd6 57. Ra3 Bd4 58. Kh3 Ke5 59. Kh4 Bc5 60. Rb3 Kd4 61. Kxh5 Bf8 62. Rb8 Bd6 63. Kxh6 c5 64. Rb6 Ke5 65. Rc6 Bf8+ 66. Kg5 Kd4 67. Kxf4 c4 68. d6 c3 69. d7 Be7 70. Rc8 {[%emt 0:02:29] Kxe4 Kxe4} 1-0

[Event "6th Uppsala Young Champions 2019"]
[Site "Uppsala"]
[Date "2019.10.26"]
[Round "3.9"]
[White "Kristensen, Bjarke Hautop"]
[Black "Carlsson, Ludvig"]
[Result "1/2-1/2"]
[ECO "A42"]
[WhiteElo "2223"]
[BlackElo "2066"]
[Annotator "NA"]
[PlyCount "63"]
[EventDate "2019.10.25"]
[EventType "swiss"]
[EventCountry "SWE"]
[SourceTitle "playchess.com"]
[Source "ChessBase"]
[SourceQuality "1"]
[TimeControl "5400+30"]

1. Nf3 g6 2. c4 Bg7 3. Nc3 d6 4. g3 e5 5. Bg2 Ne7 6. d4 Nd7 7. O-O O-O 8. e4 exd4 9. Nxd4 Nc6 10. Nxc6 bxc6 11. f4 Ba6 12. Qd3 Nb6 13. b3 d5 14. exd5 cxd5 15. Rd1 dxc4 16. Qf3 Qe7 17. Bb2 Rab8 18. Qf2 Bb7 19. Bxb7 Rxb7 20. Rac1 cxb3 21. axb3 Qe6 22. Nb5 Bxb2 23. Qxb2 Qe3+ 24. Kh1 a6 25. Qg2 Rbb8 26. Rc3 Rbd8 27. Rxd8 Qe1+ 28. Qg1 Qe4+ 29. Qg2 Qxg2+ 30. Kxg2 Rxd8 31. Nxc7 Nd5 32. Nxd5 1/2-1/2

[Event "6th Uppsala Young Champions 2019"]
[Site "Uppsala"]
[Date "2019.10.26"]
[Round "3.10"]
[White "Crevatin, Leo"]
[Black "Ostlund, Joar"]
[Result "1-0"]
[ECO "D66"]
[WhiteElo "2221"]
[BlackElo "1955"]
[Annotator "NA"]
[PlyCount "77"]
[EventDate "2019.10.25"]
[EventType "swiss"]
[EventCountry "SWE"]
[SourceTitle "playchess.com"]
[Source "ChessBase"]
[SourceQuality "1"]
[TimeControl "5400+30"]

1. d4 d5 2. c4 e6 3. Nf3 Nf6 4. Bg5 Be7 5. e3 Nbd7 6. Nc3 O-O 7. Rc1 c6 8. Bd3 dxc4 9. Bxc4 b5 10. Bd3 a6 11. Ne5 c5 12. Nc6 Qe8 13. Qf3 Nb6 14. Nxe7+ Qxe7 15. dxc5 Nbd5 16. Nxd5 exd5 17. Bxf6 Qxf6 18. Qxf6 gxf6 19. O-O Be6 20. Rfd1 Rac8 21. b4 Bd7 22. Be2 Bc6 23. Bf3 Rcd8 24. Rd4 Rfe8 25. Rcd1 Rd7 26. Bxd5 Bxd5 27. Rxd5 Rc7 28. Rd8 Rxd8 29. Rxd8+ Kg7 30. g3 Kg6 31. Rd6 Ra7 32. Rb6 Kf5 33. c6 Ra8 34. Kg2 Kg6 35. Kf3 Kf5 36. c7 Rc8 37. Rxa6 Rxc7 38. Rb6 Ra7 39. Rxb5+ 1-0

[Event "6th Uppsala Young Champions 2019"]
[Site "Uppsala"]
[Date "2019.10.26"]
[Round "3.11"]
[White "Sorensen, Hampus"]
[Black "Ostensson, Julia"]
[Result "1-0"]
[ECO "E09"]
[WhiteElo "2330"]
[BlackElo "1483"]
[Annotator "NA"]
[PlyCount "101"]
[EventDate "2019.10.25"]
[EventType "swiss"]
[EventCountry "SWE"]
[SourceTitle "playchess.com"]
[Source "ChessBase"]
[SourceQuality "1"]
[TimeControl "5400+30"]

1. d4 d5 2. c4 e6 3. Nf3 Nf6 4. g3 Be7 5. Bg2 O-O 6. O-O c6 7. Qc2 Nbd7 8. Nbd2 b6 9. e4 dxe4 10. Nxe4 Bb7 11. Nc3 Re8 12. Rd1 Qc8 13. b3 b5 14. c5 Nd5 15. Ne4 N7f6 16. Ne5 Nxe4 17. Bxe4 f5 18. Bg2 Bf6 19. Re1 Ne7 20. Nf3 Nd5 21. Bg5 Qd7 22. h4 h6 23. Bxf6 gxf6 24. Nh2 Rad8 25. Rad1 a5 26. Qd2 Qg7 27. Qxa5 Ra8 28. Qd2 Rad8 29. Nf1 Rd7 30. a4 bxa4 31. bxa4 Kh7 32. Bxd5 Rxd5 33. Ne3 Rdd8 34. Nc4 Re7 35. Nd6 Bc8 36. Rb1 Bd7 37. Rb7 Rg8 38. a5 Bc8 39. Rxe7 Qxe7 40. Nxf5 Qf8 41. Nd6 f5 42. Qf4 Rg4 43. Qf3 Bd7 44. Rb1 Rg7 45. Kh2 Qa8 46. Nc4 Bc8 47. Rb6 Rc7 48. Qf4 Rd7 49. Rb8 Qa6 50. Nb6 Bb7 51. Nxd7 1-0

[Event "6th Uppsala Young Champions 2019"]
[Site "Uppsala"]
[Date "2019.10.26"]
[Round "3.12"]
[White "Muntean, Victor"]
[Black "Fjallheim, Leif Reinert"]
[Result "0-1"]
[ECO "B22"]
[WhiteElo "2020"]
[BlackElo "1985"]
[Annotator "NA"]
[PlyCount "74"]
[EventDate "2019.10.25"]
[EventType "swiss"]
[EventCountry "SWE"]
[SourceTitle "playchess.com"]
[Source "ChessBase"]
[SourceQuality "1"]
[TimeControl "5400+30"]

1. e4 c5 2. c3 Nf6 3. e5 Nd5 4. d4 cxd4 5. Nf3 Nc6 6. cxd4 d6 7. Bc4 Nb6 8. Bb3 dxe5 9. d5 Na5 10. Nc3 Bg4 11. Ba4+ Nd7 12. O-O g6 13. Re1 Bg7 14. Re4 Bxf3 15. Qxf3 f5 16. b4 fxe4 17. Nxe4 Nc4 18. Ng5 Bf6 19. Ne6 Qb8 20. Bg5 e4 21. Qh3 Ncb6 22. Bxf6 exf6 23. Re1 Nxa4 24. Rxe4 Ne5 25. Qh6 Qc8 26. h3 Qd7 27. f4 Nc3 28. Re1 Nxd5 29. Nc5 Qe7 30. fxe5 fxe5 31. Qd2 O-O-O 32. Rc1 Kb8 33. b5 Nf4 34. Qb2 Nd3 35. Qa3 Nxc5 36. Rxc5 Rd1+ 37. Kh2 Qd6 0-1

[Event "6th Uppsala Young Champions 2019"]
[Site "Uppsala"]
[Date "2019.10.26"]
[Round "3.13"]
[White "Wernberg, Hugo"]
[Black "Grahn, Vidar"]
[Result "1-0"]
[ECO "B13"]
[WhiteElo "2006"]
[BlackElo "1926"]
[Annotator "NA"]
[PlyCount "83"]
[EventDate "2019.10.25"]
[EventType "swiss"]
[EventCountry "SWE"]
[SourceTitle "playchess.com"]
[Source "ChessBase"]
[SourceQuality "1"]
[TimeControl "5400+30"]

1. c4 c6 2. e4 d5 3. exd5 cxd5 4. cxd5 Nf6 5. Nc3 Nxd5 6. Nf3 Nc6 7. d4 Bg4 8. Be2 e6 9. O-O Be7 10. Qb3 Qd7 11. Nxd5 exd5 12. Bb5 Bxf3 13. Qxf3 O-O 14. Be3 Bf6 15. Rac1 Rac8 16. Rc5 Rfd8 17. Rfc1 a6 18. Ba4 Nxd4 19. Qxf6 Ne2+ 20. Kf1 b5 21. Qxa6 Nxc1 22. Bxb5 Qf5 23. Qa3 Rxc5 24. Qxc5 Rc8 25. Qd4 Qb1 26. Qxd5 Nd3+ 27. Ke2 Qc2+ 28. Kf3 Ne1+ 29. Kg3 Qg6+ 30. Kh3 Kh8 31. Bd2 f5 32. Be2 Re8 33. Bd1 Qxg2+ 34. Qxg2 Nxg2 35. Kxg2 Rd8 36. Bc3 Rxd1 37. a4 Rd8 38. a5 Rb8 39. b4 Rb7 40. a6 Rb6 41. b5 Rxb5 42. a7 1-0

[Event "6th Uppsala Young Champions 2019"]
[Site "Uppsala"]
[Date "2019.10.26"]
[Round "3.14"]
[White "Soderstrom, Adrian"]
[Black "Skahlberg Bjerknes-Lima de Far, Warg"]
[Result "1-0"]
[ECO "E16"]
[WhiteElo "1960"]
[BlackElo "1637"]
[Annotator "NA"]
[PlyCount "59"]
[EventDate "2019.10.25"]
[EventType "swiss"]
[EventCountry "SWE"]
[SourceTitle "playchess.com"]
[Source "ChessBase"]
[SourceQuality "1"]
[TimeControl "5400+30"]

1. d4 Nf6 2. c4 e6 3. Nf3 b6 4. g3 Bb7 5. Bg2 c5 6. d5 exd5 7. O-O dxc4 8. e4 Bxe4 9. Nc3 d5 10. Nxe4 Nxe4 11. Ne5 Be7 12. Qa4+ Nd7 13. Bxe4 dxe4 14. Rd1 Qc7 15. Rxd7 b5 16. Qxb5 Rb8 17. Qa4 Rb4 18. Qa6 Rb6 19. Qa4 Rb4 20. Rxc7+ Rxa4 21. Rc8+ Bd8 22. Bg5 f6 23. Rd1 Ke7 24. Nc6+ Ke6 25. Nxd8+ Rxd8 26. Rcxd8 fxg5 27. Re8+ Kf7 28. Rxe4 Rxa2 29. Rxc4 Rxb2 30. Rxc5 1-0

[Event "6th Uppsala Young Champions 2019"]
[Site "Uppsala"]
[Date "2019.10.26"]
[Round "3.15"]
[White "Mitra, Akash"]
[Black "Berglind, Axel"]
[Result "0-1"]
[ECO "B07"]
[WhiteElo "1936"]
[BlackElo "2062"]
[Annotator "NA RC"]
[PlyCount "140"]
[EventDate "2019.10.25"]
[EventType "swiss"]
[EventCountry "SWE"]
[SourceTitle "playchess.com"]
[Source "ChessBase"]
[SourceQuality "1"]
[TimeControl "5400+30"]

1. d4 Nf6 2. Bf4 g6 3. Nc3 Bg7 4. e4 d6 5. Qd2 Nbd7 6. O-O-O c5 7. Nf3 cxd4 8. Nxd4 a6 9. Bh6 Bxh6 10. Qxh6 b5 11. Bd3 Bb7 12. Rhe1 Rc8 13. Nd5 Nxd5 14. exd5 Bxd5 15. f4 e6 16. f5 Ne5 17. fxg6 fxg6 18. Qg7 Rf8 19. Qxh7 Qf6 20. Kb1 Nxd3 21. Rxd3 Be4 22. Rdd1 Rc4 23. Qa7 Qe5 24. b3 Rc5 25. Rd2 Rf7 26. Qb8+ Kd7 27. Rde2 Qxd4 28. Rxe4 Qc3 29. R4e2 Rf2 30. Qb7+ Rc7 31. Qe4 Rxe2 32. Rxe2 Qf6 33. Re3 d5 34. Qd3 Kd6 35. a4 Ra7 36. a5 Rh7 37. Rf3 Qe5 38. h3 Rg7 39. Rg3 g5 40. Rg4 Rf7 41. Ka2 Rf2 42. Qg3 Rxc2+ 43. Ka3 Qxg3 44. Rxg3 Kc5 45. b4+ Kc4 46. Rxg5 d4 47. Re5 Rxg2 48. Rxe6 Rg3+ 49. Kb2 Rxh3 50. Rxa6 Kxb4 51. Rd6 Rh2+ 52. Kc1 Kc3 53. Rc6+ Kd3 54. Rb6 b4 55. a6 Ra2 56. Rxb4 Rxa6 57. Rb3+ Ke2 58. Rb7 Rc6+ 59. Kb1 Kd2 60. Rf7 Rb6+ 61. Ka2 d3 62. Rd7 Kc2 63. Rc7+ Kd1 64. Rd7 d2 65. Rd5 Rb4 66. Ka3 Re4 67. Kb3 Ke2 68. Kc2 Rc4+ 69. Kb3 Rc1 70. Re5+ Kf3 0-1

[Event "6th Uppsala Young Champions 2019"]
[Site "Uppsala"]
[Date "2019.10.26"]
[Round "3.16"]
[White "Dingertz, Erik"]
[Black "Trost, Edvin"]
[Result "0-1"]
[ECO "A17"]
[WhiteElo "1908"]
[BlackElo "1982"]
[Annotator "NA"]
[PlyCount "86"]
[EventDate "2019.10.25"]
[EventType "swiss"]
[EventCountry "SWE"]
[SourceTitle "playchess.com"]
[Source "ChessBase"]
[SourceQuality "1"]
[TimeControl "5400+30"]

1. Nf3 Nf6 2. c4 b6 3. g3 Bb7 4. Bg2 e6 5. O-O Be7 6. Nc3 O-O 7. b3 d5 8. Bb2 d4 9. Nb5 c5 10. e3 a6 11. Na3 dxe3 12. dxe3 Qc7 13. Qe2 Nc6 14. Nb1 Rfd8 15. Nc3 Rab8 16. Rad1 Ba8 17. Rxd8+ Rxd8 18. Rd1 Kf8 19. a3 Qb8 20. Rxd8+ Qxd8 21. Qd2 Qb8 22. e4 e5 23. Qe2 Nd4 24. Nxd4 cxd4 25. Nd5 b5 26. b4 Bc6 27. f4 bxc4 28. Qxc4 Bb5 29. Qc7 Qxc7 30. Nxc7 exf4 31. Nxb5 axb5 32. gxf4 d3 33. Bc1 Bd8 34. e5 Bb6+ 35. Kf1 Ng4 36. Bc6 Ne3+ 37. Ke1 Nc2+ 38. Kd1 Nd4 39. Be3 Nxc6 40. Bxb6 g5 41. Bc5+ Ke8 42. Bd6 gxf4 43. Kd2 Kd7 0-1

[Event "6th Uppsala Young Champions 2019"]
[Site "Uppsala"]
[Date "2019.10.27"]
[Round "4.1"]
[White "Abdrlauf, Elham"]
[Black "Mihajlov, Sebastian"]
[Result "0-1"]
[ECO "D10"]
[WhiteElo "2213"]
[BlackElo "2387"]
[Annotator "NA"]
[PlyCount "74"]
[EventDate "2019.10.25"]
[EventType "swiss"]
[EventCountry "SWE"]
[SourceTitle "playchess.com"]
[Source "ChessBase"]
[SourceQuality "1"]
[TimeControl "5400+30"]

1. d4 Nf6 2. c4 c6 3. Nc3 d5 4. cxd5 cxd5 5. Bf4 Nc6 6. e3 Bf5 7. Qb3 Na5 8. Qa4+ Bd7 9. Qc2 e6 10. Nf3 Be7 11. Bd3 Nc6 12. a3 Nh5 13. Be5 f6 14. Bg3 f5 15. Be5 Nf6 16. h4 Ng4 17. Bf4 Rc8 18. g3 O-O 19. Ke2 h6 20. h5 Be8 21. Nh4 Bg5 22. Ng6 Bxg6 23. hxg6 Qf6 24. Qb3 Bxf4 25. gxf4 Qxd4 26. Qxb7 Qf6 27. f3 Rb8 28. Qxc6 Rxb2+ 29. Bc2 Rxc2+ 30. Kd3 Nxe3 31. Nxd5 Nxd5 32. Kxc2 Ne7 33. Qd7 Rc8+ 34. Kd3 Qc3+ 35. Ke2 Qb2+ 36. Qd2 Rc2 37. Rhd1 Nxg6 0-1